 Dungeon Crawl Stone Soup version 0.27-a0-1332-g84bddb5ca7 (webtiles) character file.

Game seed: 11206279575223490984

137 dickylongcocking the Skirmisher (level 5, -1/42 HPs)
             Began as a Djinni Fire Elementalist on June 25, 2021.
             Killed from afar by a white imp (15 damage)
             ... with a puff of frost
             ... on level 3 of the Dungeon.
             The game lasted 00:02:28 (3746 turns).

dickylongcocking the Skirmisher (DjFE)              Turns: 3746, Time: 00:02:29

Health: -1/42      AC:  2    Str:  7    XL:     5   Next: 44%
Gold:   145        EV: 12    Int: 17    God:
                   SH:  0    Dex: 14

rFire    + + .     SeeInvis .   e - staff of air
rCold    x . .     Faith    .   (no shield)
rNeg     . . .     Spirit   .   a - +0 robe
rPois    ∞         Reflect  .   (no helmet)
rElec    +         Harm     .   (no cloak)
rCorr    .         Rampage  .   (no gloves)
Will     .....                  (boots unavailable)
Stlth    ++........             (no amulet)
HPRegen  0.14/turn              (no ring)
MPRegen  0.00/turn              (no ring)

@: flying
A: sickness immunity, fire resistance 2, cold vulnerability 1, float, innate
caster, hp casting, extra vitality 1
a: no special abilities


You were on level 3 of the Dungeon.
You visited 1 branch of the dungeon, and saw 3 of its levels.

You collected 145 gold pieces.

Inventory:

Hand Weapons
 d - a +0 whip
Armour
 a - a +0 robe (worn)
Magical Staves
 e - a staff of air (weapon)
Scrolls
 b - a scroll of fear {unknown}
 c - a scroll of teleportation {unknown}
 f - a scroll of noise {unknown}
 g - 3 scrolls of amnesia {unknown}
 i - 3 scrolls of identify {unknown}
Potions
 h - a potion of haste {unknown}


   Skills:
 * Level 4.7 Fighting
 - Level 2.1 Dodging
 - Level 1.5 Stealth
 - Level 2.4 Spellcasting


You couldn't memorise any spells.
You knew the following spells:

 Your Spells              Type           Power      Damage    Failure   Level
a - Foxfire               Conj/Fire      40%        2x1d6     7%          1
b - Conjure Flame         Conj/Fire      10%        6-21      21%         3
c - Inner Flame           Hex/Fire       10%        N/A       21%         3
d - Sticky Flame          Conj/Fire      10%        2d3       56%         4
e - Fireball              Conj/Fire      5%         3d5       88%         5
f - Animate Skeleton      Necr           20%        N/A       7%          1
g - Call Imp              Summ           10%        N/A       11%         2
Your spell library was empty.

Dungeon Overview and Level Annotations

Branches:
Dungeon (3/15)

Altars:


Innate Abilities, Weirdness & Mutations

You are immune to sickness and miasma.
You are immune to poison.
Your flesh is very heat resistant. (rF++)
You are vulnerable to cold. (rC-)
You float through the air rather than walking.
You learn spells naturally, not from books.
Your magical power is your life essence.
You have superior vitality. (+4 HP)


Message History

The foxfire hits the gnoll.
The gnoll is moderately wounded.
Casting: Foxfire (safe; 7% risk of failure)
Confirm with . or Enter, or press ? or * to list all spells.
You conjure some foxfire!
A white imp comes into view.
Unknown command.
Your foxfire dissipates!
The foxfire hits the gnoll.
The gnoll is severely wounded.
The white imp gestures at you. The puff of frost hits you!
You feel a terrible chill!
Casting: Foxfire (safe; 7% risk of failure)
Confirm with . or Enter, or press ? or * to list all spells.
You conjure some foxfire!
Unknown command.
Unknown command.
The foxfire hits the gnoll.
You kill the gnoll!
The foxfire hits the white imp.
The white imp is burned terribly!
The white imp is heavily wounded.
Unknown command.
Casting: Foxfire (safe; 7% risk of failure)
Confirm with . or Enter, or press ? or * to list all spells.
You conjure some foxfire!
Unknown command.
Unknown command.
The foxfire hits the white imp.
The white imp is burned terribly!
The white imp is almost dead.
The foxfire hits the white imp but does no damage.
The white imp is almost dead.
The white imp gestures at you. The puff of frost hits you!
You feel a terrible chill!
Unknown command.
Casting: Foxfire (safe; 7% risk of failure)
Confirm with . or Enter, or press ? or * to list all spells.
You conjure some foxfire!
The white imp gestures at you. The puff of frost hits you!
You feel a terrible chill!
You die...

#...# #.#... #.. #...# #.#...
#.# #...# #.#... # #.# #..>#
#.#... ### #. #.##
#...#####.#... ...#$#####..#
#.............
##.#........#####...####..#...
#...##.##...§v.†..............
#......5)§.@..............>.
##.....#.§§v.#######........
#....##....##.# #.#...#..
###..##.#####.# #....###.
#..###.# #.# #.##..#.. ....
..# #.# #.###...# ..... .#.#
#.# ### #.####### .....##.#.#
#.###.###..# ..##. # #.#
#.....†....#


You could see a white imp (ally target).

Vanquished Creatures
  5 gnolls (D:3)
  3 adders (D:2)
  2 worms (D:2)
  4 ball pythons
  6 bats
  7 endoplasms
  A giant cockroach (D:2)
  6 goblins (D:2)
  A hobgoblin (D:2)
  4 jackals (D:1)
  4 kobolds
  A quokka (D:2)
  3 frilled lizards
  10 rats
57 creatures vanquished.

Vanquished Creatures (others)
  241 foxfires
241 creatures vanquished.

Grand Total: 298 creatures vanquished

Notes
Turn   | Place    | Note
-------+----------+-------------------------------------------
     0 | D:1      | dickylongcocking the Djinni Fire Elementalist began the
                  | quest for the Orb.
     0 | D:1      | Reached XP level 1. HP: 15/15 MP: 0/0
   299 | D:1      | Reached skill level 1 in Fighting
   414 | D:1      | Reached XP level 2. HP: 17/22 MP: 0/0
   906 | D:1      | Reached skill level 2 in Fighting
  1411 | D:1      | Reached XP level 3. HP: 24/29 MP: 0/0
  1411 | D:1      | Learned a level 1 spell: Animate Skeleton
  1811 | D:2      | Reached skill level 3 in Fighting
  2012 | D:2      | Reached XP level 4. HP: 20/35 MP: 0/0
  2941 | D:2      | You are sucked into a shaft and drop 1 floor!
  3336 | D:3      | Reached skill level 4 in Fighting
  3336 | D:3      | Reached XP level 5. HP: 18/41 MP: 0/0
  3336 | D:3      | Learned a level 2 spell: Call Imp
  3746 | D:3      | Killed from afar by a white imp

Illustrated notes

Levels and vault maps discovered:
D:1:      dpeg_arrival_ratfight, layout_basic, corexii_item_surrounded_by_moat
D:2:      layout_rooms, chequers_serial_rivers_micro_b
D:3:      layout_loops_cross, minmay_between

Skill      XL: |  1  2  3  4 |
---------------+-------------+-----
Fighting       | 1 2 3 4 |  4.7
Dodging        | |  2.1
Stealth        | |  1.5
Spellcasting   | |  2.4

Action                   |  1- 3 |  4- 6 || total
-------------------------+-------+-------++-------
Melee: Unarmed           |    10 |       ||    10
       Staff             |     4 |     9 ||    13
 Cast: Foxfire           |    87 |    70 ||   157
       Animate Skeleton  |     1 |     5 ||     6
       Inner Flame       |       |     1 ||     1
 Stab: Sleeping          |       |     1 ||     1
Armor: Robe              |     5 |     5 ||    10
Dodge: Dodged            |    29 |    20 ||    49

Table legend: (Time is in decaauts)
 A = Elapsed time spent in this place.
 B = Non-inter-level travel time spent in this place.
 C = Inter-level travel time spent in this place.
 D = Time resting spent in this place.
 E = Time spent auto-exploring this place.
 F = Levels seen in this place.
 G = Mean time per level.
                   A        B        C        D        E       F      G
               +--------+--------+--------+--------+--------+-----+--------+
         Total |   3748 |   3693 |     55 |     17 |   3255 |   3 | 1249.3 |
       Dungeon |   3748 |   3693 |     55 |     17 |   3255 |   3 | 1249.3 |
               +--------+--------+--------+--------+--------+-----+--------+

Top non-repeatable levels by time:
     D:1: 1645 daAuts
     D:2: 1346 daAuts
     D:3: 756 daAuts
